 Dungeon Crawl Stone Soup version 0.25-a0-565-g8875c97ebb (webtiles) character file.

Game seed: 5620979324999725391, levelgen mode: deterministic

3855 tilp the Zephyrmancer (level 10, -4/57 HPs)
             Began as a Tengu Air Elementalist on Feb 25, 2020.
             Was a Priest of Sif Muna.
             Slain by an orc warrior
             ... wielding a +0 halberd
              (10 damage)
             ... in a bailey on Feb 26, 2020.
             The game lasted 00:24:36 (10614 turns).

tilp the Zephyrmancer (Tengu Air Elementalist)     Turns: 10614, Time: 00:24:37

Health: -4/57      AC:  7    Str:  6 (8)  XL:     10   Next: 18%
Magic:  14/20      EV: 18    Int: 19 (20) God:    Sif Muna [***...]
Gold:   597        SH:  0    Dex: 13 (14) Spells: 3/22 levels left

rFire    . . .     SeeInvis +   b - +2 hunting sling (flame)
rCold    . . .     Gourm    .   (no shield)
rNeg     . . .     Faith    .   g - +0 robe
rPois    +         Spirit   .   (helmet restricted)
rElec    .         Reflect  .   f - +2 cloak
rCorr    .         Harm     .   t - +1 pair of gloves
MR       .....                  (boots unavailable)
Stlth    +++.......             (no amulet)
HPRegen  0.19/turn              j - ring of see invisible
MPRegen  0.17/turn              m - ring of poison resistance

@: flying quickly and evasively, quick
A: beak, talons 3, able to fly
a: Stop Flying, Channel Magic, Forget Spell, Renounce Religion


You were in a bailey.
You worshipped Sif Muna.
Sif Muna was most pleased with you.
You were not hungry.

You visited 2 branches of the dungeon, and saw 9 of its levels.
You also visited: Sewer and Bailey.

You collected 597 gold pieces.

Inventory:

Hand Weapons
 a - a +0 rapier
 b - a +2 hunting sling of flaming (weapon)
Missiles
 e - 302 stones
 h - 160 sling bullets (quivered)
 i - 4 javelins
 l - 8 atropa-tipped darts
 q - 8 curare-tipped darts
 v - 59 poisoned darts
 z - 3 boomerangs
 L - 2 throwing nets
Armour
 f - a +2 cloak (worn)
 g - a +0 robe (worn)
 t - a +1 pair of gloves (worn)
Jewellery
 j - a ring of see invisible (left hand)
 m - a ring of poison resistance (right hand)
 n - an uncursed ring of resist corrosion
Wands
 E - a wand of polymorph (8)
Scrolls
 k - 2 scrolls of fear
 p - 2 scrolls of teleportation
 w - a scroll of random uselessness {unknown}
 y - 2 scrolls of magic mapping
 B - a scroll of noise {unknown}
 F - 3 scrolls of remove curse
 G - a scroll of immolation {unknown}
 I - a scroll of amnesia {unknown}
 K - a scroll of blinking {unknown}
Potions
 d - 2 potions of might
 r - 3 potions of resistance
 s - 3 potions of haste
 u - 2 potions of magic
 x - 2 potions of stabbing {unknown}
 A - 2 potions of mutation {unknown}
 C - 2 potions of curing {unknown}
 D - 5 potions of lignification
 H - a potion of heal wounds {unknown}
 J - a potion of brilliance {unknown}
 M - a potion of degeneration
Comestibles
 c - 20 rations
 o - 20 chunks of flesh


   Skills:
 - Level 4.2 Fighting
 - Level 6.0 Dodging
 - Level 4.3 Stealth
 - Level 6.5 Spellcasting
 - Level 6.0 Conjurations
 - Level 10.3 Air Magic
 + Level 4.4 Invocations


You had 3 spell levels left.
You knew the following spells:

 Your Spells              Type           Power        Failure   Level  Hunger
a - Shock                 Conj/Air       ####         1%          1    None
b - Swiftness             Chrm/Air       ####....     1%          2    None
c - Static Discharge      Conj/Air       #####...     1%          3    ##.....
d - Airstrike             Air            #####.....   1%          4    ####...
e - Lightning Bolt        Conj/Air       #####.....   10%         5    #####..
f - Summon Lightning Spi  Summ/Air       ####....     13%         4    ####...

Your spell library contained the following spells:

 Spells                   Type           Power        Failure   Level  Hunger
 Summon Small Mammal      Summ           #...         11%         1    None
 Call Imp                 Summ           #.......     16%         2    None
 Call Canine Familiar     Summ           #.......     32%         3    ##.....
 Summon Guardian Golem    Hex/Summ       #.......     32%         3    ##.....
 Summon Ice Beast         Ice/Summ       #.......     71%         4    ####...


Dungeon Overview and Level Annotations

Branches:
Dungeon (8/15)             Temple (1/1) D:4           Sewer (visited)
 Bailey (1/1)
   Lair: D:8-11

Altars:
Ashenzari
Cheibriados
Dithmenos
Elyvilon
Fedhas
Gozag
Kikubaaqudgha
Makhleb
Nemelex Xobeh
Okawaru
Qazlal
Sif Muna
Trog
Uskayaw
Vehumet
Wu Jian
Xom
Yredelemnul
Zin
The Shining One

Shops:
D:5 (

Annotations:
D:6 1 runed translucent door, Crazy Yiuf


Innate Abilities, Weirdness & Mutations

You have a beak for a mouth.
You have claws for feet.
You can fly continuously.


Message History

You kill the orc warrior!
Sif Muna accepts your kill.
You are struck by an arc of lightning.
The orc warrior hits you from afar with a +0 halberd!!
* * * LOW HITPOINT WARNING * * *
The orc warrior barely misses you.
Your lightning spire shoots out a bolt of lightning at the orc!
The bolt of electricity misses the orc.
The bolt of electricity hits the orc warrior.
The bolt of electricity hits the orc!
The orc dies!
Sif Muna accepts your kill.
Unknown command.
Unknown command.
It was a potion of degeneration.
There was something very wrong with that liquid.
You feel weakened.
You feel dopey.
You feel clumsy. The orc misses you.
The orc warrior hits you from afar with a +0 halberd!
You die...

############ #####
#.∩........## .....
............######......
............#...8#o.....
∩.).........'...)oo).)..
..)).).)....#...@#......
.))).)......###### ...oo
#.∩........## .o..
############ ###


You could see 2 orc warriors, an orc and a friendly lightning spire.

Vanquished Creatures
  Joseph (D:7)
  Prince Ribbit (D:6)
  3 hogs (D:7)
  An ice beast (D:7)
  3 orc warriors
  2 ogres
  A phantom (D:5)
  2 centaurs
  3 bullfrogs
  A big kobold (D:6)
  A wyvern skeleton (D:7)
  A scorpion (D:4)
  A howler monkey (D:4)
  An electric eel (D:6)
  2 crimson imps
  An orc priest (D:5)
  3 hounds
  A centaur skeleton (D:5)
  4 iguanas
  2 orc wizards (D:5)
  2 merfolk sirens (Sewer)
  4 worker ants
  A merfolk avatar (Sewer)
  A hound zombie (D:7)
  13 gnolls
  12 adders
  3 river rats
  3 howler monkey skeletons
  A shadow imp (D:6)
  An ooze (D:2)
  2 adder skeletons
  An adder zombie (D:5)
  3 worms
  9 leopard geckos
  33 orcs
  6 ball pythons
  4 bats
  9 giant cockroaches
  20 goblins
  13 hobgoblins
  7 jackals
  25 kobolds
  5 quokkas
  7 frilled lizards
  A jackal skeleton (D:4)
  28 rats
249 creatures vanquished.

Vanquished Creatures (collateral kills)
  Harold (D:7)
  A yak (D:7)
  A human (D:7)
  12 orcs (Bailey)
15 creatures vanquished.

Vanquished Creatures (others)
  A plant (D:6)
1 creature vanquished.

Grand Total: 265 creatures vanquished

Notes
Turn   | Place    | Note
-------+----------+-------------------------------------------
     0 | D:1      | tilp the Tengu Air Elementalist began the quest for the
                  | Orb.
     0 | D:1      | Reached XP level 1. HP: 10/10 MP: 4/4
   359 | D:1      | Reached XP level 2. HP: 15/15 MP: 1/6
   779 | D:1      | Reached XP level 3. HP: 19/19 MP: 5/7
   783 | D:1      | Learned a level 2 spell: Swiftness
   787 | D:1      | Learned a level 3 spell: Static Discharge
  1428 | D:2      | Reached XP level 4. HP: 24/24 MP: 3/8
  1865 | D:2      | Reached skill level 5 in Conjurations
  1865 | D:2      | Reached skill level 5 in Air Magic
  2466 | D:3      | Gained mutation: You can fly continuously. [Tengu growth]
  2466 | D:3      | Reached XP level 5. HP: 28/28 MP: 0/9
  2613 | D:3      | Found a basalt altar of Yredelemnul.
  2833 | D:3      | Found a basalt altar of Yredelemnul.
  2974 | D:3      | Noticed a moth of wrath
  2977 | D:3      | Found a bloodstained altar of Trog.
  3252 | D:3      | Found a white marble altar of Elyvilon.
  3474 | D:4      | Found an ancient bone altar of Kikubaaqudgha.
  3874 | D:4      | Found a snail-covered altar of Cheibriados.
  3909 | D:4      | Reached skill level 6 in Air Magic
  3909 | D:4      | Reached XP level 6. HP: 23/32 MP: 1/10
  4008 | D:4      | Found an opulent altar of Gozag.
  4068 | D:4      | Found an iron altar of Okawaru.
  4150 | D:4      | Found a staircase to the Ecumenical Temple.
  4178 | Temple   | Entered the Ecumenical Temple
  4517 | Temple   | Became a worshipper of Sif Muna the Loreminder
  4795 | D:5      | Entered Level 5 of the Dungeon
  4806 | D:5      | Learned a level 4 spell: Airstrike
  4895 | D:5      | Reached XP level 7. HP: 36/36 MP: 0/14
  5025 | D:5      | Found a burning altar of Makhleb.
  5043 | D:5      | Reached skill level 1 in Invocations
  5459 | D:5      | Reached * piety under Sif Muna
  5860 | D:5      | Reached XP level 8. HP: 29/41 MP: 0/15
  6119 | D:5      | Found Nuset's Weapon Emporium.
  6125 | D:5      | Reached ** piety under Sif Muna
  6455 | D:6      | Found a glowing drain.
  6568 | Sewer    | Entered a sewer
  6764 | Sewer    | Reached skill level 1 in Fighting
  7611 | D:6      | Learned a level 4 spell: Summon Lightning Spire
  7650 | D:6      | Reached *** piety under Sif Muna
  7853 | D:6      | Noticed Prince Ribbit
  7866 | D:6      | Killed Prince Ribbit
  7866 | D:6      | Reached skill level 5 in Dodging
  7866 | D:6      | Reached XP level 9. HP: 52/52 MP: 1/16
  8773 | D:6      | Found a runed translucent door.
  8774 | D:6      | Noticed Crazy Yiuf
  8895 | D:7      | Upgraded the game from 0.25-a0-561-g0977b4d109 to
                  | 0.25-a0-565-g8875c97ebb
  8902 | D:7      | Found a blossoming altar of Fedhas.
  9027 | D:7      | Reached skill level 7 in Air Magic
  9334 | D:7      | Found a shattered altar of Ashenzari.
  9488 | D:7      | Reached skill level 5 in Spellcasting
  9495 | D:7      | Reached skill level 8 in Air Magic
  9612 | D:7      | Noticed Harold
  9783 | D:7      | Killed Harold
  9783 | D:7      | Reached skill level 9 in Air Magic
  9783 | D:7      | Reached XP level 10. HP: 14/57 MP: 14/20
  9794 | D:7      | Learned a level 5 spell: Lightning Bolt
 10064 | D:7      | Noticed Joseph
 10076 | D:7      | Found a stormy altar of Qazlal.
 10308 | D:7      | Killed Joseph
 10308 | D:7      | Reached skill level 10 in Air Magic
 10452 | D:8      | Found a flagged portal.
 10475 | Bailey   | Entered a bailey
 10614 | Bailey   | Slain by an orc warrior

Levels and vault maps discovered:
D:1:      dpeg_arrival_water_fire, layout_basic, minmay_tetromino_i4
D:2:      layout_basic
D:3:      layout_loops_ring, kennysheep_ying_yang, tgw_trog,
          yredelemnul_altar_generic
D:4:      layout_loops_ring, lemuel_doored_altar, grunt_gozag_breadcrumbs,
          marbit_many_paths, lemuel_round_altar, minmay_temple_entry_junction,
          first_ration
D:5:      corexii_shantytown, layout_basic, kennysheep_mini_moat, serial_shops,
          nicolae_shop_trees, minmay_misc_feat_rugged
D:6:      layout_cave_pools, gup_sewer_entry_pipe, serial_bayou,
          serial_bayou_ford_a, serial_bayou_crossing, serial_bayou_shore_b,
          serial_bayou_pond_b, minmay_tree_intersection,
          chequers_serial_rivers_room_a, roderic_lattice_a,
          uniq_crazy_yiuf_cottage, uniq_prince_ribbit1
D:7:      layout_basic, old_standard_altar, ashenzari_conservatory_becter,
          nicolae_overflow_crystal_walls, grunt_livestock, uniq_joseph,
          uniq_harold
D:8:      layout_cave_pools, lightli_bailey_entry_fortress, uniq_maurice
Temple:   chequers_temple_sunken
Bailey:   bailey_polearm_5, bailey

Skill      XL: |  1  2  3  4  5  6  7  8  9 10 |
---------------+-------------------------------+-----
Conjurations   | 2 3 4 5 6 |  6.0
Air Magic      | 5 6 9 10 | 10.3
Spellcasting   | 4 6 |  6.5
Invocations    | 3 4 |  4.4
Stealth        | 4 |  4.3
Fighting       | 4 |  4.2
Dodging        | 5 6 |  6.0

Action                   |  1- 3 |  4- 6 |  7- 9 | 10-12 || total
-------------------------+-------+-------+-------+-------++-------
Melee: Dagger            |     7 |     3 |    18 |       ||    28
       Peck              |     1 |     1 |     1 |       ||     3
       Kick              |       |       |     3 |       ||     3
 Fire: Hunting sling     |       |    16 |    21 |       ||    37
 Cast: Shock             |    54 |   146 |   235 |    29 ||   464
       Static Discharge  |       |     2 |    27 |     6 ||    35
       Airstrike         |       |     1 |    31 |     5 ||    37
       Summon Lightning  |       |       |     4 |     3 ||     7
Invok: Channel Magic     |       |       |     5 |     1 ||     6
 Abil: Fly               |       |     1 |       |       ||     1
Evoke: Wand              |       |       |     1 |       ||     1
  Use: Scroll            |       |     7 |    11 |     2 ||    20
       Potion            |       |       |       |     1 ||     1
  Eat: Chunk             |     3 |    12 |    24 |     4 ||    43
Armor: Robe              |       |     9 |    15 |     4 ||    28
Dodge: Dodged            |     9 |    29 |    85 |    15 ||   138

Table legend:
 A = Non-vault XP
 B = Vault XP
 C = Vault XP percentage of total XP
 D = Non-vault monster count
 E = Vault monster count
 F = Vault count percentage of total count
                 A         B        C        D         E       F
            +---------+---------+-------+---------+---------+-------
      Total |    2551 |    2957 |  53.7 |     147 |     117 |  44.3
            +---------+---------+-------+---------+---------+-------
        D:1 |      59 |       0 |   0.0 |      25 |       0 |   0.0
        D:2 |     102 |       0 |   0.0 |      21 |       0 |   0.0
        D:3 |      21 |       9 |  30.0 |       9 |       5 |  35.7
        D:4 |     271 |       3 |   1.1 |      28 |       1 |   3.4
        D:5 |     735 |      79 |   9.7 |      27 |      33 |  55.0
        D:6 |     808 |     435 |  35.0 |      28 |      10 |  26.3
        D:7 |     555 |    1940 |  77.8 |       9 |       7 |  43.8
        D:8 |       0 |       7 | 100.0 |       0 |       3 | 100.0
      Sewer |       0 |     216 | 100.0 |       0 |      39 | 100.0
     Bailey |       0 |     268 | 100.0 |       0 |      19 | 100.0
            +---------+---------+-------+---------+---------+-------
